 Dungeon Crawl Stone Soup version 0.23-a0-419-g0174fd8 (console) character file.

13 bli the Insei (level 2, 0/20 HPs)
             Began as an Octopode Transmuter on Nov 11, 2018.
             Slain by a goblin
             ... wielding a +0 club
              (3 damage)
             ... on level 1 of the Dungeon.
             The game lasted 00:01:10 (393 turns).

bli the Insei (Octopode Transmuter)                  Turns: 393, Time: 00:01:11

Health: 0/20       AC:  1    Str:  9    XL:     2   Next: 37%
Magic:  4/5        EV: 13    Int: 15    God:
Gold:   14         SH:  0    Dex: 12    Spells: 4/5 levels left

rFire    . . .     SeeInvis .     - Unarmed
rCold    . . .     Gourm    .   (no shield)
rNeg     . . .     Faith    .   (helmet restricted)
rPois    .         Spirit   .   (no amulet)
rElec    .         Reflect  .   (no ring)
rCorr    .         Harm     .   (no ring)
MR       .....                  (no ring)
Stlth    ++........             (no ring)
HPRegen  0.06/turn              (no ring)
MPRegen  0.09/turn              (no ring)
                                (no ring)
                                (no ring)

@: appendage
A: almost no armour, stealthy swim, amphibious, 8 rings, constrict 8, tentacle
spike 3, camouflage 1, gelatinous body 1
a: End Transformation


You were on level 1 of the Dungeon.
You were not hungry.
One of your tentacles had a temporary spike.
You visited 1 branch of the dungeon, and saw 1 of its levels.

You collected 14 gold pieces.

Inventory:

Missiles
 a - 12 arrows
 g - 25 stones (quivered)
 h - 20 sling bullets
 j - 7 needles of sleeping
Jewellery
 f - a cursed amulet of inaccuracy {unknown}
Scrolls
 b - 2 scrolls of identify {unknown}
 d - a scroll of noise {unknown}
 i - 2 scrolls of enchant armour {unknown}
Potions
 e - a potion of ambrosia {unknown}
Comestibles
 c - 3 rations


   Skills:
 * Level 2.3 Fighting
 - Level 2.0 Dodging
 - Level 3.0 Unarmed Combat
 - Level 2.0 Spellcasting
 - Level 2.0 Transmutations


You had 4 spell levels left.
You knew the following spells:

 Your Spells              Type           Power        Failure   Level  Hunger
a - Beastly Appendage     Tmut           #.....       10%         1    #......

Your spell library contained the following spells:

 Spells                   Type           Power        Failure   Level  Hunger
 Sticks to Snakes         Tmut           #.......     14%         2    ###....
 Spider Form              Tmut/Pois      #.........   41%         3    ###....
 Ice Form                 Ice/Tmut       #.......     82%         4    #####..
 Blade Hands              Tmut           #.........   95%         5    ######.


Dungeon Overview and Level Annotations

Branches:
Dungeon (1/15)

Altars:


Innate Abilities, Weirdness & Mutations

You cannot wear most types of armour.
You are very stealthy in the water. (Stealth+)
You are amphibious.
You can wear up to eight rings at the same time.
You can use your tentacles to constrict eight enemies at once.
Your skin changes colour to match your surroundings (Stealth+).
Your rubbery body absorbs attacks. (AC +1, EV +1)
One of your tentacles bears a large vicious spike.


Message History

You constrict the hobgoblin. The goblin barely misses you.
The hobgoblin misses You tentacle-slap the goblin.
You grab the goblin.
The goblin is severely wounded.
You constrict the goblin, but do no damage.
You constrict the hobgoblin. The goblin misses you.
The goblin hits you with a You release your grip on the goblin.
You release your grip on the hobgoblin.
You tentacle-slap the goblin.
You kill the goblin!
The goblin misses you. The hobgoblin closely misses you.
You tentacle-slap the hobgoblin. You grab the hobgoblin.
The hobgoblin is heavily wounded.
You constrict the hobgoblin, but do no damage.
The frilled lizard bites you. The goblin hits you with a +0 club.
* * * LOW HITPOINT WARNING * * *
The hobgoblin closely misses you.
You tentacle-slap the frilled lizard but do no damage.
You grab the frilled lizard.
You pierce the frilled lizard.
You kill the frilled lizard!
You constrict the hobgoblin. The goblin hits you with a +0 club.
You die...

#.# #.# #### #.# ########
# ..... #.# #......# #
..... #.# #......# ##
...... #.# #......# #.
......#####.###......###.
.......)@).............'.
.......gg##.############.
.........##.# +.
##.......##.# #.
#.......##.# #.
#....(...#.# #.
#........#.# ..
+........+.#############
#........####...........
###...###...###.
##...####.....###


You could see a hobgoblin and a goblin.

Vanquished Creatures
  A leopard gecko (D:1)
  3 goblins (D:1)
  A hobgoblin (D:1)
  4 kobolds (D:1)
  A ball python (D:1)
  A frilled lizard (D:1)
  A rat (D:1)
12 creatures vanquished.

Notes
Turn   | Place    | Note
-------+----------+-------------------------------------------
     0 | D:1      | bli the Octopode Transmuter began the quest for the Orb.
     0 | D:1      | Reached XP level 1. HP: 13/13 MP: 3/3
    89 | D:1      | Reached XP level 2. HP: 10/19 MP: 5/5
   393 | D:1      | Slain by a goblin

Vault maps used:
D:1:      dpeg_arrival_central, minmay_tromino_v7

Skill      XL: |  1 |
---------------+----+-----
Fighting       | 2 |  2.3
Dodging        | |  2.0
Unarmed Combat | |  3.0
Spellcasting   | |  2.0
Transmutations | |  2.0

Action                   || total
-------------------------++-------
Melee: Unarmed           ||    28
       Constrict         ||     7
       Kick              ||     5
       Tentacles         ||     2
 Cast: Beastly Appendage ||     4
 Stab: Sleeping          ||     1
Armor: Skin              ||     1
Dodge: Dodged            ||    16

Table legend:
 A = Non-vault XP
 B = Vault XP
 C = Vault XP percentage of total XP
 D = Non-vault monster count
 E = Vault monster count
 F = Vault count percentage of total count
                 A         B        C        D         E       F
            +---------+---------+-------+---------+---------+-------
      Total |      15 |       4 |  21.1 |       9 |       3 |  25.0
            +---------+---------+-------+---------+---------+-------
        D:1 |      15 |       4 |  21.1 |       9 |       3 |  25.0
            +---------+---------+-------+---------+---------+-------
